Map: [ESL] Data-C

Players

ShoWTimE - Winner!

  • Race: Protoss Protoss
  • Spawn Location: 3:00

DRG

  • Race: Zerg Zerg
  • Spawn Location: 9:00

Event: DreamHack SC2 Masters 2022 Valencia

VOD

Have the link to the VOD?

Description

Time

  • Played on: July 1, 2022, 3:02 p.m.
  • Length: 11:12

All games in this series

Show
View Real Time Build Order
Export as new Build Order

ShoWTimE Protoss - Winner!

Build Orders: 1 Gate Expand, Oracle Opening 

Get SALT Encoding   

  12  0:00  Probe  
  13  0:12  Probe  
  14  0:17  Pylon  
  14  0:24  Probe (Chrono Boost)  
  15  0:36  Probe (Chrono Boost)  
  15  0:38  Gateway  
  16  0:45  Probe (Chrono Boost)  
  16  0:46  Assimilator  
  17  0:51  Probe  
  18  1:03  Probe  
  19  1:15  Probe  
  20  1:26  Nexus  
  20  1:33  Cybernetics Core  
  20  1:36  Probe  
  21  1:41  Assimilator  
  21  1:48  Probe  
  21  1:51  Pylon  
  22  2:00  Probe  
  23  2:06  Adept (Chrono Boost)  
  23  2:12  Probe  
  26  2:19  Stargate  
  26  2:24  Probe  
  26  2:27  Adept (Chrono Boost)  
  29  2:32  Warp Gate  
  30  2:38  Probe (Chrono Boost)  
  30  2:41  Probe (Chrono Boost)  
  31  2:48  Probe (Chrono Boost)  
  31  2:49  Adept  
  31  2:51  Probe (Chrono Boost)  
  35  2:53  Probe (Chrono Boost)  
  36  3:00  Probe  
  36  3:03  Oracle (Chrono Boost)  
  36  3:04  Probe  
  41  3:09  Pylon  
  41  3:12  Probe  
  41  3:16  Probe  
  41  3:19  Adept  
  45  3:25  Probe  
  46  3:28  Probe  
  46  3:34  Oracle (Chrono Boost), Gateway  
  43  3:37  Probe  
  43  3:40  Probe  
  48  3:45  Pylon  
  48  3:49  Probe  
  48  3:52  Probe  
  50  3:59  Nexus  
  50  4:02  Probe  
  51  4:04  Probe  
  51  4:06  Oracle (Chrono Boost)  
  55  4:10  Pylon  
  55  4:14  Assimilator  
  55  4:16  Probe, Assimilator  
  56  4:18  Probe  
  57  4:28  Probe  
  57  4:30  Probe  
  57  4:31  Adept x2  
  63  4:33  Robotics Facility  
  63  4:40  Probe  
  63  4:41  Forge  
  63  4:42  Probe  
  63  4:45  Gateway  
  65  4:50  Pylon  
  65  4:52  Probe  
  66  4:54  Probe  
  66  4:59  Sentry  
  69  5:04  Shield Battery  
  69  5:06  Probe (Chrono Boost)  
  70  5:08  Probe (Chrono Boost)  
  70  5:11  Sentry  
  70  5:12  Probe (Chrono Boost)  
  70  5:14  Protoss Ground Weapons Level 1  
  74  5:19  Probe (Chrono Boost)  
  77  5:21  Probe x2 (Chrono Boost)  
  77  5:23  Phoenix  
  77  5:24  Probe (Chrono Boost)  
  77  5:26  Probe (Chrono Boost)  
  80  5:28  Probe  
  80  5:29  Pylon  
  80  5:30  Immortal (Chrono Boost)  
  80  5:34  Probe, Robotics Bay  
  85  5:38  Probe  
  85  5:40  Probe  
  87  5:46  Probe  
  87  5:47  Photon Cannon  
  88  5:50  Probe  
  88  5:51  Assimilator  
  88  5:52  Probe  
  88  5:53  Assimilator  
  88  5:55  Twilight Council  
  90  5:57  Pylon  
  90  5:58  Probe  
  90  6:01  Observer (Chrono Boost)  
  90  6:02  Pylon  
  92  6:06  Sentry  
  92  6:07  Stalker x2  
  92  6:08  Phoenix  
  92  6:10  Probe  
  92  6:11  Probe  
  100  6:15  Pylon  
  100  6:17  Pylon  
  100  6:19  Nexus, Disruptor (Chrono Boost)  
  100  6:25  Probe x2  
  104  6:26  Probe  
  106  6:34  Blink (Chrono Boost)  
  106  6:37  Photon Cannon  
  106  6:40  Photon Cannon  
  106  6:42  Shield Battery  
  106  6:45  Gateway  
  106  6:46  Pylon, Gateway  
  106  6:49  Disruptor (Chrono Boost)  
  106  6:53  Probe x3  
  112  7:00  Zealot x2  
  116  7:03  Assimilator  
  116  7:05  Probe  
  116  7:06  Dark Shrine  
  116  7:07  Probe  
  119  7:08  Probe  
  119  7:09  Assimilator  
  119  7:17  Disruptor (Chrono Boost), Probe  
  119  7:19  Stalker  
  119  7:20  Protoss Ground Weapons Level 2 (Chrono Boost)  
  125  7:29  Probe x2  
  128  7:30  Probe  
  128  7:31  Gateway  
  128  7:32  Gateway  
  128  7:33  Probe  
  129  7:38  Photon Cannon  
  129  7:39  Gateway  
  126  7:45  Probe  
  126  7:46  Disruptor  
  126  7:48  Stalker x4  
  138  7:53  Pylon  
  138  7:55  Photon Cannon, Shield Battery  
  138  8:04  Phoenix (Chrono Boost)  
  140  8:07  Stalker  
  140  8:12  Photon Cannon  
  139  8:14  Shield Battery  
  139  8:16  Stalker x4  
  139  8:17  Pylon  
  147  8:20  Phoenix (Chrono Boost)  
  147  8:21  Photon Cannon  
  149  8:33  Stalker x3  
  155  8:39  Zealot x4  
  163  8:42  Phoenix (Chrono Boost)  
  163  9:01  Photon Cannon  
  163  9:02  Photon Cannon x2  
  163  9:03  Shield Battery  
  163  9:06  Pylon  
  163  9:07  Pylon  
  163  9:09  Pylon  
  163  9:12  Photon Cannon  
  163  9:13  Photon Cannon  
  163  9:18  Pylon  
  163  9:23  Phoenix  
  165  9:25  Dark Templar x4  
  165  9:26  Dark Templar x2  
  176  9:31  Archon x2  
  176  9:32  Archon  
  176  9:37  Dark Templar x2  
  169  9:41  Pylon  
  169  9:42  Archon  
  169  9:44  Pylon  
  169  9:48  Pylon, Phoenix (Chrono Boost)  
  169  10:02  Stalker x6  
  169  10:04  Phoenix (Chrono Boost)  
  169  10:05  Photon Cannon  
  180  10:07  Pylon  
  180  10:17  Dark Templar x2  
  184  10:23  Pylon  
  184  10:24  Archon  
  184  10:25  Phoenix (Chrono Boost)  
  184  10:28  Dark Templar x2  
  183  10:29  Zealot x3  
  183  10:33  Archon  
  190  10:36  Zealot  
  188  10:47  Phoenix  
  172  10:50  Zealot x4  
  174  10:58  Stalker x2  
  174  11:01  Stalker x2  
  175  11:12  Stalker  
Show
View Real Time Build Order
Export as new Build Order

DRG Zerg 

Build Orders: Hatch First 

Get SALT Encoding   

  12  0:00  Drone  
  13  0:12  Overlord  
  13  0:17  Drone  
  14  0:30  Drone x2  
  16  0:48  Hatchery  
  15  0:51  Drone  
  15  0:54  Drone  
  17  0:58  Drone  
  18  1:09  Extractor  
  17  1:13  Spawning Pool  
  17  1:17  Drone  
  17  1:20  Drone  
  18  1:27  Drone  
  19  1:38  Drone  
  20  1:49  Overlord  
  20  2:00  Queen x2  
  20  2:01  Zergling x4  
  26  2:11  Drone x2  
  26  2:13  Metabolic Boost  
  28  2:21  Drone x2  
  30  2:31  Drone  
  30  2:33  Drone  
  32  2:40  Queen  
  34  2:47  Hatchery  
  34  2:50  Overlord  
  33  2:56  Zergling x4  
  35  3:01  Overlord  
  35  3:04  Drone  
  36  3:08  Queen  
  36  3:10  Drone  
  36  3:12  Drone  
  40  3:15  Drone  
  40  3:20  Drone x2  
  40  3:27  Drone  
  40  3:32  Drone  
  40  3:33  Drone  
  42  3:37  Queen  
  42  3:40  Drone x2  
  46  3:43  Drone  
  46  3:47  Queen  
  49  3:51  Overlord  
  49  3:54  Drone  
  49  3:55  Drone  
  51  3:59  Queen  
  53  4:06  Drone x2  
  53  4:08  Spore Crawler, Drone  
  53  4:09  Drone  
  56  4:13  Drone x2  
  58  4:17  Drone x2  
  58  4:23  Evolution Chamber  
  59  4:25  Drone  
  59  4:27  Spore Crawler  
  59  4:28  Drone x3  
  59  4:30  Drone  
  62  4:34  Drone x2  
  62  4:35  Overlord  
  64  4:40  Overlord  
  64  4:41  Drone  
  64  4:44  Drone  
  66  4:48  Zerg Melee Weapons Level 1  
  66  4:49  Overlord  
  66  4:54  Overlord  
  66  4:56  Spore Crawler  
  66  4:58  Zergling x2  
  66  4:59  Zergling x4  
  68  5:00  Drone x2  
  68  5:01  Drone  
  68  5:04  Drone  
  68  5:05  Drone  
  68  5:06  Overlord  
  73  5:08  Drone  
  73  5:10  Drone x2  
  76  5:14  Lair  
  76  5:16  Drone  
  76  5:20  Drone  
  76  5:21  Overlord  
  78  5:23  Drone  
  78  5:24  Drone x2  
  78  5:26  Extractor  
  78  5:27  Extractor, Drone  
  80  5:30  Drone x2  
  80  5:33  Hatchery  
  80  5:39  Drone  
  80  5:40  Drone  
  80  5:41  Drone x3  
  80  5:44  Drone x2  
  80  5:45  Drone  
  80  5:48  Drone  
  84  5:52  Roach Warren  
  84  5:53  Drone x3  
  84  5:56  Drone x2  
  87  5:59  Extractor x2  
  87  6:00  Extractor  
  87  6:01  Drone x3  
  87  6:02  Drone x2  
  89  6:07  Drone x3  
  89  6:10  Spore Crawler  
  91  6:11  Drone  
  91  6:18  Zergling x4  
  94  6:21  Overlord  
  94  6:22  Overlord  
  94  6:24  Spire  
  93  6:31  Drone x3  
  92  6:36  Baneling Nest, Drone x6  
  92  6:37  Drone x3  
  100  6:44  Glial Reconstitution, Zerg Melee Weapons Level 2  
  100  6:46  Zergling x6, Overseer  
  104  6:54  Extractor, Drone x5  
  104  6:55  Extractor  
  104  6:56  Spore Crawler  
  104  6:57  Zergling x2  
  104  6:58  Zergling x2  
  107  7:06  Overlord  
  106  7:12  Drone  
  106  7:15  Roach x7  
  121  7:18  Zergling x4  
  123  7:23  Roach x2  
  123  7:28  Zergling x14  
  134  7:34  Overlord  
  134  7:35  Overlord  
  134  7:38  Overlord  
  134  7:42  Overlord  
  134  7:43  Hatchery  
  132  7:45  Overseer  
  132  7:49  Overlord x2  
  129  7:59  Centrifugal Hooks, Zerg Flyer Weapons Level 1  
  129  8:01  Mutalisk x11  
  129  8:04  Zergling x2  
  129  8:05  Zergling x6  
  153  8:13  Mutalisk x3, Overseer  
  153  8:16  Zergling x6  
  162  8:22  Drone  
  162  8:26  Mutalisk x3  
  169  8:28  Zergling x6  
  169  8:33  Overlord  
  171  8:36  Overlord  
  169  8:42  Zergling x12  
  169  8:47  Mutalisk x4  
  156  8:50  Hatchery  
  156  8:53  Mutalisk x2  
  156  8:54  Zergling x12  
  156  8:55  Zergling x2  
  161  8:57  Drone x3  
  161  9:01  Zergling x6  
  167  9:03  Overseer  
  167  9:04  Overlord  
  167  9:11  Baneling x8  
  167  9:13  Zergling x8  
  167  9:16  Zerg Ground Armor Level 1  
  171  9:20  Mutalisk, Extractor  
  171  9:22  Zergling x8  
  171  9:24  Extractor  
  175  9:26  Zergling x8  
  177  9:33  Zergling x14  
  177  9:37  Pneumatized Carapace  
  180  9:40  Zergling x10  
  180  9:45  Drone x3  
  188  9:50  Baneling x10  
  188  9:53  Zergling x12  
  193  10:01  Zergling x12  
  199  10:11  Zergling x8  
  198  10:20  Spine Crawler x3  
  190  10:23  Mutalisk x6  
  190  10:24  Spine Crawler  
  190  10:26  Zergling x4  
  194  10:33  Infestation Pit  
  194  10:35  Mutalisk x4  
  187  10:38  Baneling x3  
  187  10:40  Zergling x4  
  166  10:53  Zergling x6  

Tags
 
Add a new tag
Caveats
  • Supply blocks, unpowered buildings, or Contaminate may cause inaccurate times.
  • Supply counts are checked every 10 seconds.